 Dungeon Crawl Stone Soup version 0.27.0-1-g7a089689b8 (webtiles) character file.

Game seed: 4077557897050392162

4 SnakkuSnakku7 the Skirmisher (level 1, -6/24 HPs)
             Began as an Ogre Delver on Aug 6, 2021.
             Mangled by Menkaure (13 damage)
             ... on level 4 of the Dungeon.
             The game lasted 00:00:34 (369 turns).

SnakkuSnakku7 the Skirmisher (Ogre Delver)           Turns: 369, Time: 00:00:35

Health: -6/24      AC:  3    Str: 15    XL:     1   Next: 60%
Magic:  1/1        EV:  9    Int: 11    God:
Gold:   5          SH:  0    Dex: 10    Spells: 0/0 levels left

rFire    . . .     SeeInvis .   a - +0 mace
rCold    . . .     Faith    .   (no shield)
rNeg     . . .     Spirit   .   b - +0 robe
rPois    .         Reflect  .   (helmet restricted)
rElec    .         Harm     .   (no cloak)
rCorr    .         Rampage  .   (gloves unavailable)
Will     .....                  (boots unavailable)
Stlth    ++........             (no amulet)
HPRegen  0.08/turn              (no ring)
MPRegen  0.07/turn              (no ring)

@: hasted, very quick
A: large, unfitting armour, tough skin 1
a: no special abilities


You were on level 4 of the Dungeon.
You visited 1 branch of the dungeon, and saw 2 of its levels.

You collected 5 gold pieces.

Inventory:

Hand Weapons
 a - a +0 mace (weapon)
Armour
 b - a +0 robe (worn)
Wands
 g - a wand of digging (3)
Scrolls
 c - a scroll of fog
 d - a scroll of magic mapping
 e - a scroll of fear


   Skills:
 - Level 4.0 Fighting
 + Level 2.1 Maces & Flails
 - Level 1.7 Dodging
 - Level 3.7 Stealth


You couldn't memorise any spells.
You didn't know any spells.
Your spell library was empty.

Dungeon Overview and Level Annotations

Branches:
Dungeon (5/15)
 Temple: D:4-7

Altars:

Annotations:
D:4 Menkaure


Innate Abilities, Weirdness & Mutations

You are too large for most types of armour.
You have tough skin. (AC +1)


Message History

Throw: 3 large rocks
Press: ? - help, Q - select action Shift-Dir - straight line, f/p - Menkaure
Aim: Menkaure (73% to hit)
You throw a large rock. The jackal barks!
The large rock hits Menkaure.
Menkaure is lightly damaged.
You hear a shout!
Throw: 2 large rocks
Press: ? - help, Q - select action Shift-Dir - straight line, f/p - Menkaure
Aim: Menkaure (lightly damaged, 73% to hit)
You throw a large rock. The large rock hits Menkaure.
Menkaure is lightly damaged.
A hound skeleton comes into view.
Menkaure barely misses you.
A jackal comes into view.
Throw: large rock
Press: ? - help, Q - select action Shift-Dir - straight line, f/p - Menkaure
Aim: Menkaure (lightly damaged, 73% to hit)
You throw a large rock. The jackal barks!
The large rock hits Menkaure.
Menkaure is lightly damaged.
The jackal bites you.
Menkaure gestures wildly while chanting.
Menkaure seems to speed up.
The jackal barely misses you.
Unknown command.
You sock Menkaure!
Menkaure is heavily damaged.
Menkaure calls on the powers of darkness!
The jackal convulses!
Your body is wracked with pain!
The jackal convulses!
The jackal barely misses you.
Menkaure points at you and mumbles some strange words.
Pain shoots through your body!
* * * LOW HITPOINT WARNING * * *
The jackal bites you but does no damage.
Okay, then.
You feel yourself speed up. The jackal barely misses you. Menkaure hits you!
Ouch! That really hurt!
You die...

###.)####### #.$(.) ...#
..##.#..#####.#########.#
............)..../.M....>
..#####.#####.#########.#
#(# #..# ##Z## ##...


#hhM# ##.. #..@# ..>. #...# ... #...# .( #...# #...# #...# #...# ##### You could
see Menkaure (fast), 2 jackals and a hound skeleton.

Vanquished Creatures
  2 jackals (D:5)
  A kobold (D:4)
3 creatures vanquished.

Notes
Turn   | Place    | Note
-------+----------+-------------------------------------------
     0 | D:5      | SnakkuSnakku7 the Ogre Delver began the quest for the Orb.
     0 | D:5      | Reached XP level 1. HP: 24/24 MP: 1/1
    84 | D:4      | Noticed Menkaure
   369 | D:4      | Mangled by Menkaure

Illustrated notes

Levels and vault maps discovered:
D:4:      layout_rooms, serial_shops, shop, uniq_menkaure
D:5:      minmay_goblin_kobold_castle, layout_basic, kennysheep_little_box,
          uniq_edmund

Skill      XL: |  1 |
---------------+----+-----
Maces & Flails | 2 |  2.1
Fighting       | |  4.0
Dodging        | |  1.7
Stealth        | |  3.7

Action                   || total
-------------------------++-------
Melee: Mace              ||    21
Throw: Large rock        ||     4
  Use: Potion            ||     1
Armor: Robe              ||    17
Dodge: Dodged            ||    21
